 Dungeon Crawl Stone Soup version 0.32-a0-33-g74fbe469d6 (webtiles) character file.

Game seed: 430449930787887039

34015 croobank the Covert (level 13, 0/70 HPs)
             Began as a Felid Summoner on Jan 19, 2024.
             Was an Elder of Kikubaaqudgha.
             Succumbed to a black mamba's poison
             ... on level 4 of the Lair of Beasts on Jan 21, 2024.
             The game lasted 01:30:59 (19996 turns).

croobank the Covert (Felid Summoner)               Turns: 19996, Time: 01:30:59

Health: 0/70       AC:  3    Str:  8    XL:     13   Next: 39%
Magic:  5/26       EV: 28    Int: 22    God:    Kikubaaqudgha [****..]
Gold:   639        SH:  5    Dex: 17    Spells: 5/29 levels left
                                        Lives:  0   Deaths: 4

rFire   + + .        (weapon unavailable)
rCold   + + .        (shield unavailable)
rNeg    . . .        (body armour unavailable)
rPois   +            (helmet unavailable)
rElec   +            (cloak unavailable)
rCorr   +            (gloves unavailable)
SInv    +            (boots unavailable)
Will    +....        h - amulet of reflection
Stlth   +++++        g - +5 ring of evasion
HPRegen 0.31/turn    o - ring of protection from fire
MPRegen 0.20/turn

%: reflection
@: brilliant, lethally poisoned (0 -> -5), death channelling, resistant
A: very small, claws 1, fangs 3, see invisible, shaggy fur 3, stealthy paws, no
weapons or thrown items, no armour, multi-lived, screaming 2, strong 1
a: Renounce Religion, Unearth Wretches


You were on level 4 of the Lair of Beasts.
You worshipped Kikubaaqudgha.
Kikubaaqudgha was greatly pleased with you.
You visited 3 branches of the dungeon, and saw 14 of its levels.

You collected 870 gold pieces.
You spent 231 gold pieces at shops.

Inventory:

Jewellery
 b - a ring of ice
 g - a +5 ring of evasion (left paw)
 h - an amulet of reflection (around neck)
 k - a ring of positive energy
 o - a ring of protection from fire (right paw)
Talismans
 f - a beast talisman
 m - a flux talisman
Wands
 c - a wand of polymorph (6)
 j - a wand of flame (42)
 s - a wand of charming (1)
 w - a wand of iceblast (5)
 x - a wand of quicksilver (5)
 y - a wand of digging (5)
Potions
 d - 2 potions of cancellation
 e - 4 potions of attraction
 i - 2 potions of mutation
 n - a potion of lignification
Miscellaneous
 q - a phial of floods
 v - a condenser vane (inert)


   Skills:
 + Level 9.4 Fighting
 - Level 10.0 Dodging
 - Level 10.0 Stealth
 + Level 8.9 Spellcasting
 - Level 5.0 Hexes
 - Level 10.0 Summonings
 * Level 9.6 Necromancy
 - Level 5.0 Fire Magic
 - Level 7.0 Air Magic


You had 5 spell levels left.
You knew the following spells:

 Your Spells              Type           Power      Damage    Failure   Level
a - Summon Small Mammal   Summ           100%       N/A       1%          1
b - Call Imp              Summ           100%       N/A       1%          2
c - Call Canine Familiar  Summ           69%        N/A       1%          3
d - Summon Blazeheart Go  Fire/Summ      59%        N/A       3%          4
e - Summon Lightning Spi  Summ/Air       63%        N/A       1%          4
D - Death Channel         Necr           34%        N/A       19%         6
N - Anguish               Hex/Necr       29%        N/A       3%          4

Your spell library contained the following spells:

 Spells                   Type           Power      Damage    Failure   Level
 Kiss of Death            Conj/Necr      100%       2d13      1%          1
 Necrotise                Necr           100%       1d9       1%          1
 Cigotuvi's Dreadful Rot  Necr/Alch/Air  100%       N/A       1%          2
 Scorch                   Fire           94%        2d8       1%          2
 Sublimation of Blood     Necr           68%        N/A       1%          2
 Fugue of the Fallen      Necr           68%        N/A       1%          3
 Vampiric Draining        Necr           68%        2d10      1%          3
 Martyr's Knell           Necr/Summ      68%        N/A       1%          4
 Mercury Vapours          Alch/Air       74%        N/A       2%          2
 Summon Ice Beast         Ice/Summ       47%        N/A       2%          3
 Ensorcelled Hibernation  Hex/Ice        62%        N/A       3%          2
 Curse of Agony           Necr           68%        N/A       3%          5
 Sting                    Conj/Alch      56%        1d6       7%          1
 Gell's Gravitas          Tloc           14%        N/A       21%         3
 Hailstorm                Conj/Ice       14%        3d6       21%         3
 Teleport Other           Tloc           14%        N/A       21%         3
 Flame Wave               Conj/Fire      31%        2d9       24%         4
 Borgnjor's Vile Clutch   Necr/Erth      23%        N/A       26%         5
 Olgreb's Toxic Radiance  Alch           14%        N/A       56%         4
 Summon Cactus Giant      Summ           34%        N/A       17%         6
 Dispersal                Tloc           7%         N/A       100%        6
 Sculpt Simulacrum        Ice/Alch       7%         N/A       100%        6


Dungeon Overview and Level Annotations

Branches:
Dungeon (9/15)             Temple (1/1) D:5            Lair (4/5) D:9
 Shoals (0/4) Lair:3        Snake (0/4) Lair:3
  Slime: Lair:4-5       Orc: D:9-12

Altars:
Ashenzari
Cheibriados
Dithmenos
Elyvilon
Gozag
Hepliaklqana
Kikubaaqudgha
Makhleb
Nemelex Xobeh
Okawaru
Ru
Sif Muna
Trog
Uskayaw
Vehumet
Wu Jian
Xom
Yredelemnul
Zin
The Shining One

Shops:
D:2 [   D:7 !

Annotations:
D:2 exclusion: 2 gnolls
D:5 exclusion: steam dragon
Lair:1 exclusion: ice statue


Innate Abilities, Weirdness & Mutations

You have sharp claws.
You have razor-sharp teeth.
You have supernaturally acute eyesight. (SInv)
Your thick and shaggy fur keeps you warm. (AC +3, rC+)
Your paws help you pounce on unaware monsters.
You are incapable of wielding weapons or throwing items.
You cannot wear armour.
You gain extra lives every three experience levels.
You frequently scream uncontrollably at your foes.
Your muscles are strong. (Str +4, Int/Dex -1)


Message History

The black mamba completely misses your blazeheart golem.
Your blazeheart golem punches the yak!
The yak dies!
Kikubaaqudgha accepts your kill.
A glowing mist starts to gather...
You feel clever all of a sudden.
* * * LOW HITPOINT WARNING * * *
You feel very sick.
The black mamba bites your blazeheart golem.
Your blazeheart golem falls apart, revealing its core!
The black mamba completely misses your blazeheart core.
* * * LOW HITPOINT WARNING * * *
You feel sick.
The polar bear completely misses your blazeheart core. x3
The bullfrog attacks as it pursues you! The bullfrog barely misses you.
Your blazeheart core explodes!
The fiery explosion engulfs the bullfrog!!
You kill the bullfrog!
Kikubaaqudgha accepts your kill.
The fiery explosion engulfs the polar bear!!
The fiery explosion engulfs the black mamba!!
You kill the black mamba!
Kikubaaqudgha accepts your kill.
A glowing mist starts to gather... x2
Your spectral yak closely misses the polar bear.
You hear an angry growl. x2
Okay, then.
* * * LOW HITPOINT WARNING * * *
You feel sick.
The polar bear is engulfed in blazing flames.
You kill the polar bear!
Kikubaaqudgha accepts your kill.
A glowing mist starts to gather...
You aren't carrying any scrolls.
Unknown command.
You feel extremely strange.
You feel stronger.
You feel the urge to shout.
You feel a strong urge to scream.
You die...
Kikubaaqudgha rasps: "You have failed me!
Welcome... death!"

###.#.... #.#.........F
#####...........#
#.........$.....#
##..............#
##..............#..#
#.....ZZZ.......#..#
##....Z°○Z...........
#....@.☼○Z..†<.......
#..........#!.........
#..........P##..........
............##..........
..........####..........
........### #...........
......^#. #...........
....... # #...÷.......
...... ###..........


You could see a friendly spectral black mamba, a friendly spectral yak, a
friendly spectral bullfrog and 3 friendly spectral polar bears.

Vanquished Creatures
  An ice dragon (Lair:1)
  A hydra (Lair:3)
  An alligator (Lair:3)
  3 catoblepae
  A boulder beetle (Lair:3)
  6 death yaks
  A skyshark (Lair:3)
  4 black mambas
  6 cane toads
  A rime drake (Lair:3)
  4 komodo dragons
  2 ice devils (Lair:1)
  3 polar bears
  A blink frog (Lair:4)
  2 dream sheep
  17 yaks
  A basilisk (D:9)
  3 wyverns
  3 water moccasins
  An orc warrior (D:7)
  An ogre (D:7)
  A wolf (Lair:1)
  3 centaurs
  7 bullfrogs
  A cane toad simulacrum (Lair:1)
  A scorpion (D:4)
  9 killer bees (D:9)
  A jelly (D:8)
  2 orc priests
  A hound (D:4)
  An iguana (D:7)
  3 orc wizards
  2 gnolls
  An adder (D:5)
  A nameless horror (Lair:1)
  A dart slug (D:2)
  2 orcs
  2 endoplasms
  2 goblins
  2 hobgoblins
  3 kobolds
109 creatures vanquished.

Vanquished Creatures (collateral kills)
  A hydra (Lair:4)
  A death yak (Lair:2)
  A fire crab (Lair:4)
  A merfolk siren (Lair:3)
  A guardian serpent (Lair:3)
  Joseph (Lair:1)
  5 cane toads
  A torpor snail (Lair:4)
  A komodo dragon (Lair:4)
  A rime drake (Lair:1)
  2 polar bears
  A nameless horror (D:4)
  Grinder (D:5)
  3 dream sheep (Lair:4)
  8 blink frogs
  A shadow (D:9)
  A wyvern (D:8)
  8 yaks
  A steam dragon (D:7)
  8 water moccasins
  2 ice beasts
  4 black bears
  An ogre (D:5)
  3 wolves
  4 centaurs
  A kobold brigand (D:9)
  2 scorpions
  11 bullfrogs
  5 killer bees (D:9)
  A jelly (D:6)
  3 hounds
  3 orc priests
  3 bombardier beetles
  A gnoll bouda (D:5)
  A sleepcap (D:4)
  2 iguanas
  Natasha (thrice) (D:3)
  4 orc wizards
  A wolf simulacrum (Lair:1)
  15 gnolls
  6 adders
  3 shadow imps
  2 white imps (Lair:1)
  2 ufetubi (D:4)
  2 ribbon worms
  5 dart slugs
  14 orcs
  A bat (D:2)
  3 endoplasms
  A giant cockroach (D:2)
  A goblin (D:3)
  9 hobgoblins
  3 jackals (D:5)
  A quokka (D:1)
  7 ball pythons
  12 frilled lizards
  5 kobolds
  3 rats
198 creatures vanquished.

Vanquished Creatures (others)
  2 hydras (Lair:2)
  Harold (Lair:2)
  A black mamba (Lair:1)
  2 dream sheep (Lair:4)
  A white imp (D:6)
  81 blazeheart cores
88 creatures vanquished.

Grand Total: 395 creatures vanquished

Notes
Turn   | Place    | Note
-------+----------+-------------------------------------------
     0 | D:1      | croobank the Felid Summoner began the quest for the Orb.
     0 | D:1      | Reached XP level 1. HP: 9/9 MP: 4/4
   185 | D:1      | Reached XP level 2. HP: 13/13 MP: 4/6
   192 | D:1      | Learned a level 2 spell: Call Imp
   459 | D:1      | Found a faded altar of an unknown god.
   758 | D:1      | Reached XP level 3. HP: 16/16 MP: 3/7
   762 | D:1      | Learned a level 3 spell: Call Canine Familiar
  1477 | D:2      | Found Saaz's Antique Armour Shop.
  1620 | D:2      | Reached XP level 4. HP: 21/21 MP: 5/8
  1620 | D:2      | Gained a life (2 lives remaining)
  2117 | D:3      | Found an opulent altar of Gozag.
  2117 | D:3      | Found a broken altar of Ashenzari.
  2222 | D:3      | You fall into a shaft and drop 1 floor!
  2373 | D:3      | Reached skill level 1 in Fighting
  2447 | D:3      | Reached XP level 5. HP: 25/25 MP: 2/10
  2736 | D:3      | Noticed Natasha
  2748 | D:3      | Found a burning altar of Makhleb.
  2750 | D:3      | Killed Natasha
  2874 | D:3      | Noticed Natasha
  2891 | D:3      | Killed Natasha
  3040 | D:3      | Noticed Natasha
  3052 | D:3      | Killed Natasha
  3053 | D:3      | Gained mutation: You are covered in thick fur. (AC +2)
                  | [Felid growth]
  3053 | D:3      | Reached XP level 6. HP: 9/30 MP: 3/11
  3058 | D:3      | Learned a level 4 spell: Summon Blazeheart Golem
  3307 | D:4      | Reached skill level 5 in Stealth
  3327 | D:4      | Reached skill level 5 in Summonings
  3327 | D:4      | Reached skill level 1 in Fire Magic
  3727 | D:4      | Reached XP level 7. HP: 35/35 MP: 5/13
  4207 | D:5      | Entered Level 5 of the Dungeon
  4464 | D:4      | Reached skill level 5 in Dodging
  4896 | D:4      | Found a bloodstained altar of Trog.
  4994 | D:5      | Noticed a nameless horror
  5015 | D:4      | Killed a nameless horror
  5851 | D:5      | Found a sacrificial altar of Ru.
  6011 | D:5      | Reached XP level 8. HP: 40/40 MP: 7/15
  6274 | D:5      | Noticed Grinder
  6283 | D:5      | Killed Grinder
  6348 | D:5      | Found a staircase to the Ecumenical Temple.
  6446 | Temple   | Entered the Ecumenical Temple
  6539 | D:5      | Found an ancient bone altar of Kikubaaqudgha.
  6547 | D:5      | Became a worshipper of Kikubaaqudgha
  7434 | D:6      | Found a radiant altar of Vehumet.
  7441 | D:6      | Learned a level 4 spell: Summon Lightning Spire
  8704 | D:7      | Reached skill level 1 in Air Magic
  8704 | D:7      | Reached XP level 9. HP: 45/45 MP: 12/16
  8920 | D:7      | Reached * piety under Kikubaaqudgha
  8920 | D:7      | Received a gift from Kikubaaqudgha
  8940 | D:7      | Reached skill level 5 in Fire Magic
  9432 | D:7      | Found Buwk's Distillery.
  9440 | D:7      | Bought 2 potions of brilliance for 88 gold pieces
  9440 | D:7      | Bought a potion of magic for 88 gold pieces
  9440 | D:7      | Bought a potion of enlightenment for 55 gold pieces
  9586 | D:8      | Reached skill level 5 in Spellcasting
 10554 | D:9      | Reached skill level 5 in Fighting
 10934 | D:9      | Reached XP level 10. HP: 23/51 MP: 7/19
 11141 | D:9      | HP: 2/51 [spore (40)]
 11718 | D:9      | Found a staircase to the Lair.
 11822 | D:9      | Reached skill level 5 in Air Magic
 12077 | D:9      | Reached ** piety under Kikubaaqudgha
 12782 | Lair:1   | Entered Level 1 of the Lair of Beasts
 12795 | Lair:1   | Noticed an ice dragon
 12831 | Lair:1   | Noticed a black mamba
 12849 | Lair:1   | Reached skill level 1 in Necromancy
 12849 | Lair:1   | Reached XP level 11. HP: 10/57 MP: 13/21
 12882 | Lair:1   | HP: 1/57 [blink frog (8)]
 12891 | Lair:1   | Slain by a blink frog
 12891 | Lair:1   | Lost a life (1 life remaining)
 12895 | Lair:1   | Noticed a death yak
 13072 | D:9      | Reached skill level 10 in Stealth
 13833 | Lair:1   | Killed an ice dragon
 14057 | Lair:1   | Noticed a death yak
 14077 | Lair:1   | Killed a death yak
 14759 | Lair:1   | Learned a level 4 spell: Anguish
 14777 | Lair:1   | Reached skill level 1 in Hexes
 15164 | Lair:1   | Found a bloodstained altar of Trog.
 15433 | Lair:1   | Noticed Joseph
 15465 | Lair:1   | Killed Joseph
 15877 | Lair:1   | Killed a death yak
 16089 | Lair:2   | Reached skill level 10 in Dodging
 16164 | Lair:2   | Noticed a death yak
 16164 | Lair:2   | Noticed a death yak
 16188 | Lair:2   | Killed a death yak
 16197 | Lair:2   | Noticed a death yak
 16200 | Lair:2   | Noticed a death yak
 16205 | Lair:2   | Killed a death yak
 16205 | Lair:2   | Noticed a death yak
 16206 | Lair:2   | Killed a death yak
 16211 | Lair:2   | Killed a death yak
 16212 | Lair:2   | Reached skill level 5 in Necromancy
 16212 | Lair:2   | Gained mutation: Your thick and shaggy fur keeps you warm.
                  | (AC +3, rC+) [Felid growth]
 16212 | Lair:2   | Reached XP level 12. HP: 63/63 MP: 4/23
 16212 | Lair:2   | Gained a life (2 lives remaining)
 16216 | Lair:2   | Killed a death yak
 16217 | Lair:2   | Reached skill level 5 in Hexes
 16342 | Lair:2   | Noticed Harold
 16361 | Lair:2   | Reached *** piety under Kikubaaqudgha
 16361 | Lair:2   | Received a gift from Kikubaaqudgha
 16363 | Lair:2   | Killed Harold
 16834 | Lair:2   | Noticed a six-headed hydra
 16842 | Lair:2   | Killed a six-headed hydra
 16960 | Lair:2   | Noticed a catoblepas
 16977 | Lair:2   | Killed a catoblepas
 17637 | Lair:2   | Noticed a seven-headed hydra
 17641 | Lair:2   | Killed a seven-headed hydra
 17977 | Lair:3   | Learned a level 6 spell: Death Channel
 18047 | Lair:3   | Found a staircase to the Snake Pit.
 18072 | Lair:3   | Slain by a cane toad
 18072 | Lair:3   | Lost a life (1 life remaining)
 18276 | Lair:3   | Found a staircase to the Shoals.
 18382 | Lair:3   | Noticed an alligator
 18382 | Lair:3   | Noticed a catoblepas
 18424 | Lair:3   | Killed a catoblepas
 18479 | Lair:3   | Killed an alligator
 18638 | Lair:3   | Noticed a four-headed hydra
 18638 | Lair:3   | Noticed a boulder beetle
 18701 | Lair:3   | Killed a boulder beetle
 18861 | Lair:3   | Killed a four-headed hydra
 18862 | Lair:3   | Reached XP level 13. HP: 69/69 MP: 18/26
 18862 | Lair:3   | Gained a life (2 lives remaining)
 19514 | Lair:4   | HP: 3/70 [yak[a torpor snail] (11)]
 19528 | Lair:4   | Mangled by a catoblepas
 19528 | Lair:4   | Lost a life (1 life remaining)
 19538 | Lair:4   | Upgraded the game from 0.32-a0-30-gefbe487952 to
                  | 0.32-a0-33-g74fbe469d6
 19564 | Lair:4   | Slain by a dream sheep
 19564 | Lair:4   | Lost a life (0 lives remaining)
 19596 | Lair:4   | Reached **** piety under Kikubaaqudgha
 19600 | Lair:4   | Reached skill level 10 in Summonings
 19994 | Lair:4   | HP: 3/70 [poisoned by a black mamba]
 19995 | Lair:4   | HP: 1/70 [poisoned by a black mamba]
 19996 | Lair:4   | Gained mutation: Your muscles are strong. (Str +4, Int/Dex
                  | -1) [potion of mutation]
 19996 | Lair:4   | Gained mutation: You occasionally shout uncontrollably at
                  | your foes. [potion of mutation]
 19996 | Lair:4   | Gained mutation: You frequently scream uncontrollably at
                  | your foes. [potion of mutation]
 19996 | Lair:4   | Succumbed to a black mamba's poison

Illustrated notes

Levels and vault maps discovered:
D:1:      minmay_arrival_arboretum_large, layout_basic,
          shapermc_ecumenical_altar_mp_urbaneastern, minivault_4,
          minmay_lizard_pond
D:2:      layout_basic, serial_shops, nicolae_shop_behind_doors
D:3:      layout_basic, lemuel_crystal_altar, nicolae_overflow_two_pavilions,
          serial_corexii_hall, chequers_hall_statues_wall_a,
          corexii_hall_statues_l, eino_curves_01, minmay_pentomino_pile,
          uniq_natasha
D:4:      layout_basic, amcnicky_altar_gilded
D:5:      layout_loops_corners, kennysheep_little_box,
          nicolae_ru_sacrificial_ziggurat, minmay_temple_entry_trees,
          uniq_grinder
D:6:      layout_rooms, fiery_altar_vehumet
D:7:      layout_loops_ring, serial_shops, shop, nicolae_zig_zag_zippers
D:8:      layout_loops_corners, minmay_statues_item, st_stairs_7
D:9:      layout_stronghold, david_lair_shrubbed
Temple:   nicolae_temple_god_jail
Lair:1:   dreamdust_isle_of_ice, layout_loops_ring, lemuel_centaur_altar,
          uniq_joseph
Lair:2:   cheibrodos_lair_river_kwai, layout_regular_city,
          chequers_serial_rivers_large_a, uniq_harold
Lair:3:   nzn_winding_woodlands_small [nzn_winding_woodlands_5x15_cabin,
          nzn_winding_woodlands_center_lodge, nzn_winding_woodlands_5x15_pool],
          layout_cave_shapes, minmay_shoals_entry_lonely_mermaid,
          minmay_snake_entry_spellcaster
Lair:4:   layout_hall_layers, beast_lair_carwin_7, grunt_megastairs_1,
          lemuel_fruit_fields, uniq_urug

Skill      XL: |  1  2  3  4  5  6  7  8  9 10 11 12 13 |
---------------+----------------------------------------+-----
Stealth        | 3 4 5 6 7 8 9 10 | 10.0
Dodging        | 3 4 5 6 7 9 10 | 10.0
Fighting       | 1 2 3 4 5 6 7 8 9 |  9.4
Spellcasting   | 3 4 5 6 7 8 |  8.9
Summonings     | 5 6 7 8 9 10 | 10.0
Fire Magic     | 1 3 4 5 |  5.0
Air Magic      | 1 3 5 7 |  7.0
Necromancy     | 1 5 8 9 |  9.6
Hexes          | 4 5 |  5.0

Action                     |  1- 3 |  4- 6 |  7- 9 | 10-12 | 13-15 || total
---------------------------+-------+-------+-------+-------+-------++-------
  Melee: Unarmed           |     7 |    17 |    56 |    60 |    10 ||   150
         Bite              |     1 |     2 |     7 |     9 |     3 ||    22
         Punch             |       |       |       |     2 |     1 ||     3
   Cast: Summon Small Mamm |    27 |    25 |    38 |     7 |     1 ||    98
         Call Imp          |    14 |    13 |    25 |     7 |       ||    59
         Call Canine Famil |     7 |    12 |    23 |    12 |     1 ||    55
         Summon Blazeheart |       |     3 |    29 |    87 |    12 ||   131
         Summon Lightning  |       |       |     2 |    25 |     7 ||    34
         Anguish           |       |       |       |     7 |    11 ||    18
         Death Channel     |       |       |       |       |     3 ||     3
 Invoke: Unearth Wretches  |       |       |       |       |     1 ||     1
  Evoke: Wand              |       |       |     4 |    10 |     2 ||    16
         Condenser vane    |       |       |       |       |     1 ||     1
    Use: Scroll            |       |     3 |     7 |     6 |     4 ||    20
         Potion            |       |       |     5 |     6 |     8 ||    19
   Stab: Sleeping          |     2 |     1 |     3 |       |       ||     6
         Distracted        |       |       |     1 |     2 |       ||     3
         Paralysed         |       |       |       |       |     1 ||     1
 Armour: Skin              |     7 |    18 |    44 |    52 |    31 ||   152
  Dodge: Dodged            |    17 |    35 |   180 |   185 |    69 ||   486
  Block: Other             |       |       |    28 |    40 |    15 ||    83
         Reflection        |       |       |     2 |     2 |       ||     4

Table legend: (Time is in decaauts)
 A = Elapsed time spent in this place.
 B = Non-inter-level travel time spent in this place.
 C = Inter-level travel time spent in this place.
 D = Time resting spent in this place.
 E = Time spent auto-exploring this place.
 F = Levels seen in this place.
 G = Mean time per level.
                   A        B        C        D        E       F      G
               +--------+--------+--------+--------+--------+-----+--------+
         Total |  20031 |  19383 |    648 |   7249 |   8668 |  14 | 1430.8 |
       Dungeon |  13079 |  12686 |    393 |   3923 |   6580 |   9 | 1453.2 |
        Temple |      1 |      0 |      1 |      0 |      0 |   1 |    1.0 |
          Lair |   6950 |   6696 |    254 |   3326 |   2088 |   4 | 1737.5 |
               +--------+--------+--------+--------+--------+-----+--------+

Top non-repeatable levels by time:
  Lair:1: 3430 daAuts
     D:9: 2598 daAuts
     D:5: 2011 daAuts
     D:4: 1802 daAuts
  Lair:3: 1717 daAuts
  Lair:2: 1563 daAuts
     D:3: 1445 daAuts
     D:7: 1241 daAuts
     D:8: 1036 daAuts
     D:6: 1035 daAuts
     D:1: 1016 daAuts
     D:2: 891 daAuts
  Lair:4: 239 daAuts
  Temple: 1 daAuts
